AoeStats
← Ludi

Arena

505494098Analyzed
3v3 RM · 23d ago on Sep 9, 2026· 50m 13s· 6 players
Game mode
Random Map
Map size
Normal (6 player)
Population
200
Speed
Normal
Resources
Standard
Victory
Conquest
Starting age
Dark Age
Ending age
Imperial Age
RankedLock teamsTeams togetherTeam positionsShared explorationLock speedFull tech treeHidden civsTurbo modeCheats
Victory
Defeat
🇩🇰 Khmer · Denmark
944
+12
🇩🇰 Persians · Denmark
924
+13
🇩🇰 Britons · Denmark
889
+16
🇨🇿 Teutons · Czechia
870
-14
🇨🇿 Turks · Czechia
870
-14
🇨🇿 Britons · Czechia
846
-13
Majk
5:15 Loom
10:22 Feudal Age
10:55 Double-Bit Axe
12:10 Wheelbarrow
13:07 Wheelbarrow
16:06 Castle Age
14:57 Stone Mining
14:59 Horse Collar
16:02 Gold Mining
17:27 Bow Saw
22:29 Loom
23:07 Hand Cart
24:20 Forging
24:10 Scale Mail Armor
26:57 Chain Mail Armor
26:32 Fletching
27:04 Town Watch
27:56 Scale Barding Armor
32:05 Imperial Age
31:46 Caravan
33:52 Chemistry
33:10 Cavalier
35:09 Heavy Plow
36:15 Two-Man Saw
36:29 Ballistics
37:57 Chain Barding Armor
38:13 Iron Casting
39:09 Paladin
41:47 Pikeman
42:28 Squires
42:13 Arson
43:50 Plate Mail Armor
45:29 Plate Barding Armor
45:55 Blast Furnace
44:56 Padded Archer Armor
45:33 Halberdier
ThorhammerCZ
10:23 Feudal Age
11:28 Double-Bit Axe
11:26 Horse Collar
11:40 Gold Mining
20:17 Castle Age
21:38 Caravan
22:00 Stone Mining
22:46 Gold Shaft Mining
22:24 Bow Saw
22:17 Heavy Plow
29:28 Ballistics
31:44 Imperial Age
34:21 Two-Man Saw
34:26 Chemistry
33:37 Fortified Wall
33:38 Masonry
33:12 Treadmill Crane
33:49 Pikeman
34:30 Squires
35:32 Wheelbarrow
34:43 Town Watch
34:47 Crossbowman
35:55 Yeomen
36:01 Halberdier
39:19 Padded Archer Armor
39:10 Fletching
39:21 Scale Mail Armor
39:31 Forging
41:00 Leather Archer Armor
40:40 Bodkin Arrow
42:52 Chain Mail Armor
43:12 Iron Casting
44:08 Ring Archer Armor
43:39 Bracer
44:04 Town Patrol
44:19 Hand Cart
43:56 Elite Longbowman
46:57 Plate Mail Armor
47:28 Blast Furnace
49:01 Scale Barding Armor
Surgen
12:23 Feudal Age
12:44 Horse Collar
12:52 Double-Bit Axe
14:09 Wheelbarrow
15:54 Gold Mining
19:07 Castle Age
19:58 Bow Saw
19:51 Heavy Plow
21:27 Caravan
24:56 Hand Cart
27:05 Loom
33:24 Imperial Age
31:43 Padded Archer Armor
33:08 Leather Archer Armor
32:44 Fletching
35:18 Ring Archer Armor
34:44 Bodkin Arrow
36:58 Bracer
37:54 Heavy Scorpion
40:38 Forging
41:38 Artillery
40:59 Elite Janissary
Ludi
7:07 Loom
9:40 Feudal Age
16:35 Castle Age
14:43 Double-Bit Axe
15:01 Horse Collar
18:01 Bow Saw
18:38 Heavy Plow
25:30 Tusk Swords
28:02 Wheelbarrow
28:04 Bloodlines
28:05 Husbandry
28:20 Scale Barding Armor
28:27 Forging
32:09 Imperial Age
31:03 Hand Cart
30:52 Guard Tower
31:22 Masonry
31:28 Fortified Wall
32:29 Elite Battle Elephant
34:18 Architecture
33:47 Murder Holes
34:39 Chain Barding Armor
35:00 Iron Casting
34:38 Caravan
34:57 Stone Mining
35:00 Gold Mining
37:02 Keep
37:18 Stone Shaft Mining
37:28 Crop Rotation
37:48 Scale Mail Armor
38:25 Plate Barding Armor
38:52 Blast Furnace
39:12 Capped Ram
42:06 Gold Shaft Mining
42:15 Siege Engineers
43:49 Siege Ram
john f kennedy
11:33 Feudal Age
19:10 Castle Age
17:09 Horse Collar
17:24 Double-Bit Axe
18:43 Stone Mining
24:12 Bow Saw
23:57 Gold Mining
24:49 Wheelbarrow
26:41 Gold Shaft Mining
26:19 Heavy Plow
30:46 Imperial Age
29:24 Hand Cart
29:24 Fletching
29:35 Padded Archer Armor
31:17 Leather Archer Armor
31:48 Bodkin Arrow
32:35 Yeomen
35:38 Warwolf
35:43 Elite Longbowman
37:45 Chemistry
37:06 Ballistics
36:42 Murder Holes
38:38 Bracer
39:09 Ring Archer Armor
45:10 Pikeman
45:53 Squires
45:41 Arson
Krogx
5:38 Loom
11:32 Feudal Age
12:43 Wheelbarrow
11:54 Double-Bit Axe
11:51 Horse Collar
19:08 Castle Age
19:55 Bow Saw
19:38 Gold Mining
19:38 Stone Mining
19:55 Heavy Plow
23:56 Stone Shaft Mining
24:33 Hand Cart
27:10 Gold Shaft Mining
27:53 Parthian Tactics
27:57 Fletching
29:31 Thumb Ring
31:40 Ballistics
34:01 Imperial Age
32:07 Bodkin Arrow
32:13 Scale Mail Armor
33:33 Kamandaran
33:37 Padded Archer Armor
33:51 Forging
35:39 Crop Rotation
35:19 Heavy Cavalry Archer
37:46 Chemistry
37:13 Chain Mail Armor
37:14 Leather Archer Armor
41:31 Heavy Camel Rider
43:13 Caravan
43:44 Coinage
43:25 Guilds
44:01 Husbandry
44:12 Bloodlines
48:23 Banking
Connection lost

Rejoining the realm…

Still unreachable

The connection could not be restored.

Session expired

The server has moved on; the page needs a fresh start.